AoeStats
← YO MAMA

Arabia

510328490Analyzed
1v1 RM · 2d ago on Sep 30, 2026· 49m 32s· 2 players
Game mode
Random Map
Map size
Tiny (2 player)
Population
200
Speed
Normal
Resources
Standard
Victory
Conquest
Starting age
Dark Age
Ending age
Imperial Age
RankedLock teamsTeams togetherTeam positionsShared explorationLock speedFull tech treeHidden civsTurbo modeCheats
Victory
Defeat
🇨🇿 Ethiopians · Czechia
1408
+13
🇨🇳 Georgians · China
1342
-13
其色孤白
7:09 Loom
9:18 Feudal Age
9:58 Double-Bit Axe
11:45 Horse Collar
16:18 Gold Mining
20:17 Castle Age
19:29 Bloodlines
19:17 Fletching
19:27 Padded Archer Armor
21:02 Bodkin Arrow
21:24 Bow Saw
23:09 Wheelbarrow
25:14 Ballistics
33:19 Hand Cart
35:50 Heavy Plow
43:12 Imperial Age
44:01 Scale Barding Armor
44:07 Forging
44:47 Crop Rotation
44:55 Conscription
45:43 Chain Barding Armor
45:14 Town Watch
45:09 Elite Monaspa
47:00 Iron Casting
47:07 Plate Barding Armor
47:37 Town Patrol
49:09 Light Cavalry
49:51 Husbandry
YO MAMA
7:07 Loom
9:28 Feudal Age
10:04 Double-Bit Axe
20:15 Castle Age
19:41 Fletching
21:31 Bodkin Arrow
24:50 Husbandry
25:43 Ballistics
27:21 Padded Archer Armor
31:18 Thumb Ring
39:54 Imperial Age
38:47 Leather Archer Armor
37:55 Elite Skirmisher
39:22 Wheelbarrow
38:59 Town Watch
41:08 Bracer
42:47 Heavy Cavalry Archer
45:16 Chemistry
45:04 Light Cavalry
46:12 Conscription
46:58 Ring Archer Armor
46:54 Gold Mining
46:55 Stone Mining
47:44 Hussar
49:39 Scale Barding Armor
49:45 Forging
Connection lost

Rejoining the realm…

Still unreachable

The connection could not be restored.

Session expired

The server has moved on; the page needs a fresh start.